 Dungeon Crawl Stone Soup version 0.19-a0-994-g3c636f0 (webtiles) character file.

36754 Herrn the Severer (level 13, -3/121 HPs)
             Began as a Naga Fighter on July 16, 2016.
             Was a High Priest of Okawaru.
             Slain by a hill giant
             ... wielding a +0 giant club
              (18 damage)
             ... on level 2 of the Orcish Mines.
             The game lasted 00:36:18 (18684 turns).

Herrn the Severer (Naga Fighter)                   Turns: 18684, Time: 00:36:18

Health: -3/121     AC: 23    Str: 22    XL:     13   Next: 92%
Magic:  1/5        EV: 10    Int: 16    God:    Okawaru [*****.]
Gold:   781        SH: 13    Dex: 10    Spells: 0 memorised, 12 levels left

rFire  + . .     SeeInvis +     C - +8 broad axe (antimagic)
rCold  + . .     Gourm    .     b - +0 scale mail
rNeg   . . .     Faith    +     c - +0 shield
rPois  +         Spirit   .     N - +2 hat
rElec  .         Dismiss  .     I - +1 cloak of Panentheism {MR- rCorr Int+2}
rCorr  +         Reflect  .     V - +0 pair of gloves {Str+3}
SustAt .         Harm     .     q - +0 naga barding {rF+}
MR     +....                    Q - amulet of faith
Stlth  ++........               g - ring of protection from cold
                                o - ring of protection from magic

@: heroism, very slightly contaminated, very slow, somewhat resistant to hostile
enchantments, unstealthy
A: see invisible, deformed body, poison resistance, slowness 2, slow metabolism
1, spit poison 2, constrict 1, AC +4
a: Spit Poison, Heroism, Finesse, Renounce Religion


You were on level 2 of the Orcish Mines.
You worshipped Okawaru.
Okawaru was extremely pleased with you.
You were hungry.

You visited 3 branches of the dungeon, and saw 16 of its levels.

You collected 781 gold pieces.

Inventory:

Hand Weapons
 a - a +0 war axe
 z - a +2 flail of draining
 C - a +8 antimagic broad axe (weapon)
 J - a +2 flail of freezing
Armour
 b - a +0 scale mail (worn)
 c - a +0 shield (worn)
 q - a +0 naga barding of fire resistance (worn)
 I - the +1 cloak of Panentheism (worn) {MR- rCorr Int+2}
   (You found it on level 5 of the Dungeon)

   It affects your intelligence (+2).
   It affects your resistance to hostile enchantments.
   It protects you from acid and corrosion.
 N - a +2 hat (worn)
 V - a +0 pair of gloves of strength (worn)
Jewellery
 g - a ring of protection from cold (right hand)
 o - a ring of protection from magic (left hand)
 p - an uncursed ring of flight
 D - an uncursed amulet of rage
 F - an uncursed ring of fire
 G - an uncursed amulet of guardian spirit {unknown}
 L - an uncursed ring of wizardry
 O - an uncursed ring of stealth
 Q - an amulet of faith (around neck)
 Y - an uncursed amulet of harm {unknown}
Wands
 v - a wand of polymorph (6/24)
 Z - a wand of disintegration (9/24)
Scrolls
 d - 6 scrolls of teleportation
 h - 10 scrolls of remove curse
 i - 2 scrolls of recharging
 r - a scroll of immolation
 t - a scroll of enchant weapon
 y - a scroll of blinking
 P - a scroll of fog
 S - a scroll of identify
 T - a scroll of amnesia
Potions
 e - a potion of curing
 k - a potion of lignification
 m - 4 potions of brilliance
 s - a potion of berserk rage {unknown}
 u - 3 potions of flight
 w - a potion of cure mutation {unknown}
 x - a potion of magic {unknown}
 B - 3 potions of degeneration
 R - a potion of mutation {unknown}
Books
 j - a book of Transfigurations

   Spells                             Type                      Level
   a - Irradiate                      Conjuration/Transmutation    5
   b - Statue Form                    Transmutation/Earth          6
   c - Hydra Form                     Transmutation                6
   d - Dragon Form                    Transmutation                7
 n - a book of Death

   Spells                             Type                      Level
   a - Corpse Rot                     Necromancy                   2
   b - Sublimation of Blood           Necromancy                   2
   c - Agony                          Necromancy                   5
   d - Dispel Undead                  Necromancy                   5
   e - Excruciating Wounds            Charms/Necromancy            5
   f - Bolt of Draining               Conjuration/Necromancy       5
 A - a book of the Dragon

   Spells                             Type                      Level
   a - Flame Tongue                   Conjuration/Fire             1
   b - Cause Fear                     Hexes                        4
   c - Bolt of Fire                   Conjuration/Fire             6
   d - Dragon Form                    Transmutation                7
   e - Dragon's Call                  Summoning                    9
 H - an Akashic Record

   Spells                             Type                      Level
   a - Dispersal                      Translocation                6
   b - Malign Gateway                 Summoning/Translocation      7
   c - Disjunction                    Translocation                8
   d - Controlled Blink               Translocation                8
 K - a book of Callings

   Spells                             Type                      Level
   a - Summon Small Mammal            Summoning                    1
   b - Call Imp                       Summoning                    2
   c - Call Canine Familiar           Summoning                    3
   d - Summon Guardian Golem          Hexes/Summoning              3
   e - Summon Lightning Spire         Summoning/Air                4
   f - Summon Ice Beast               Ice/Summoning                4
 U - a book of Dreams

   Spells                             Type                      Level
   a - Ensorcelled Hibernation        Hexes/Ice                    2
   b - Silence                        Hexes/Air                    5
   c - Darkness                       Hexes                        6
   d - Shadow Creatures               Summoning                    6
 X - the Compendium of the Sea
   (You found it on level 9 of the Dungeon)

   Spells                             Type                      Level
   a - Blink                          Translocation                2
   b - Call Canine Familiar           Summoning                    3
   c - Passage of Golubria            Translocation                4
   d - Summon Forest                  Summoning/Translocation      5
   e - Summon Demon                   Summoning                    5
Comestibles
 f - 8 bread rations
 E - a meat ration
 M - 7 slices of pizza


   Skills:
 + Level 9.4(14.4) Fighting
 * Level 15.1(20.1) Axes
 + Level 8.4(13.4) Armour
 - Level 6.0(11.0) Dodging
 + Level 8.0(13.0) Shields
 - Level 4.1 Evocations


You had 12 spell levels left.
You didn't know any spells.

Dungeon Overview and Level Annotations

Branches:
Dungeon (13/15)            Temple (1/1) D:4            Lair (0/6) D:10
    Orc (2/2) D:11
    Elf: Orc:2       Vaults: D:13-14

Altars:
Ashenzari
Cheibriados
Dithmenos
Elyvilon
Fedhas
Gozag
Hepliaklqana
Kikubaaqudgha
Makhleb
Nemelex Xobeh
Okawaru
Pakellas
Qazlal
Ru
Sif Muna
Trog
Uskayaw
Vehumet
Xom
Yredelemnul
Zin
The Shining One

Shops:
D:4 %   D:7 [   D:8 :   Orc:2 (!!


Innate Abilities, Weirdness & Mutations

You cannot wear boots.
Your serpentine skin is tough. (AC +4)
You have supernaturally acute eyesight. (SInv)
Armour fits poorly on your strangely shaped body.
Your system is resistant to poisons. (rPois)
You cover ground very slowly.
You have a slow metabolism.
You can spit poison.
You can use your snake-like lower body to constrict enemies.


Message History

The hill giant is moderately wounded.
You slash the troll! You constrict the troll. You block the troll's attack.
The troll closely misses you. You block the troll's attack.
The hill giant barely misses you.
Unknown command.
You completely miss the hill giant.
The hill giant is moderately wounded.
You completely miss the troll. You constrict the troll. The troll bites you.
* * * LOW HITPOINT WARNING * * *
You block the troll's attack. The troll completely misses you.
Unknown command.
You slice the troll!!
You kill the troll!
Okawaru accepts your kill.
You hit the hill giant. You block the hill giant's attack.
Unknown command.
You slash the hill giant!
The hill giant is heavily wounded.
The hill giant hits you with a giant club!!
You die...

#..... .. ##..#....
.#...#. . ##........
........ .
##.))....#.
........#.
#.)...#.###
..∩......# ##)#.####
# .........##
###)#### ..........#
##...$#
.......#C.###.....#
.......)[@.#...#.$.#
...∩..))))#.#...#.##
......).).(.....###
.........$#......#
...#....#.##$...#.#
...........##.##...#
...........#### #..#
#..........# ...
#...........


You could see a hill giant.

Vanquished Creatures
  A sphinx (D:13)
  Erolcha (D:11)
  Fannar (D:12)
  A catoblepas (D:13)
  A hydra (D:12)
  2 centaur warriors
  A tengu warrior (D:12)
  Sonja (D:11)
  An unseen horror (D:13)
  A deep troll (Orc:2)
  2 orc knights
  5 hill giants
  Pikel (D:6)
  2 cyclopes
  2 orc sorcerers
  5 ugly things
  A gargoyle (D:11)
  3 kobold demonologists (D:11)
  6 trolls
  6 two-headed ogres
  9 slime creatures (D:12)
  3 wyverns
  The ghost of Azru the Skirmisher, an amateur OgAK of Lugonu (D:4)
  21 yaks
  4 hippogriffs
  A human (D:10)
  A hungry ghost (D:13)
  6 vampire mosquitoes
  5 wargs
  3 water moccasins (D:10)
  3 slaves (D:6)
  4 wasps
  A black bear (D:6)
  3 necrophages
  3 ice beasts
  9 orc warriors
  2 phantoms
  2 eyes of draining
  10 centaurs
  16 ogres
  A crocodile (D:10)
  4 big kobolds
  8 giant frogs
  2 wyvern skeletons
  4 scorpions
  20 killer bees
  8 wights
  4 howler monkeys
  A centaur zombie (D:6)
  3 giant frog zombies
  9 crimson imps
  9 hounds
  A lava snake (D:13)
  A wasp zombie (D:8)
  2 giant frog skeletons
  6 centaur skeletons
  15 orc priests
  4 jellies
  9 orc wizards
  4 iguanas
  11 worker ants
  A killer bee zombie (D:10)
  2 sheep (D:12)
  5 hound skeletons
  2 worker ant zombies
  3 gnolls (D:10)
  A howler monkey skeleton (D:5)
  13 adders
  3 shadow imps
  3 worms
  A dart slug (D:4)
  6 giant geckos
  51 orcs
  2 ball pythons
  4 giant cockroaches
  8 goblins
  4 hobgoblins
  12 jackals
  21 kobolds
  A quokka (D:3)
  6 bats
  4 giant newts
  14 rats
444 creatures vanquished.

Vanquished Creatures (others)
  A fire vortex (D:13)
1 creature vanquished.

Grand Total: 445 creatures vanquished

Notes
Turn   | Place    | Note
-------+----------+-------------------------------------------
     0 | D:1      | Herrn the Naga Fighter began the quest for the Orb.
     0 | D:1      | Reached XP level 1. HP: 21/21 MP: 1/1
   244 | D:1      | Reached XP level 2. HP: 26/28 MP: 2/2
   783 | D:1      | Reached XP level 3. HP: 33/34 MP: 3/3
  1079 | D:2      | Found a shadowy altar of Dithmenos.
  1125 | D:2      | Found a sparkling altar of Nemelex Xobeh.
  1204 | D:2      | Found a shadowy altar of Dithmenos.
  1360 | D:2      | Reached skill level 1 in Dodging
  1433 | D:2      | Reached XP level 4. HP: 40/42 MP: 4/4
  1724 | D:3      | Found a shimmering altar of Xom.
  2085 | D:3      | Reached skill level 3 in Axes
  2085 | D:3      | Reached XP level 5. HP: 44/49 MP: 5/5
  2218 | D:3      | HP: 2/49 [giant frog (6)]
  2221 | D:3      | Reached XP level 6. HP: 13/56 MP: 6/6
  3061 | D:4      | Noticed Azru's ghost (amateur OgAK)
  3076 | D:4      | Killed Azru's ghost
  3076 | D:4      | Reached skill level 4 in Axes
  3076 | D:4      | Reached XP level 7. HP: 28/63 MP: 7/7
  3451 | D:4      | Found a staircase to the Ecumenical Temple.
  3459 | Temple   | Entered the Ecumenical Temple
  3685 | Temple   | Became a worshipper of Warmaster Okawaru
  4031 | D:4      | Found Kyolegug's Food Shop.
  4249 | D:5      | Entered Level 5 of the Dungeon
  4328 | D:5      | Found a hide-covered altar of Uskayaw.
  4359 | D:5      | Reached skill level 1 in Evocations
  4991 | D:5      | Reached XP level 8. HP: 66/72 MP: 9/9
  5059 | D:5      | Got a jewelled cloak
  5065 | D:5      | Identified the +1 cloak of Panentheism {MR- rCorr Int+2} (You found it on level 5 of the Dungeon)
  5352 | D:6      | Reached * piety under Okawaru
  5554 | D:6      | Reached skill level 5 in Axes
  5684 | D:6      | Noticed Pikel
  5711 | D:6      | Killed Pikel
  5711 | D:6      | Reached XP level 9. HP: 44/79 MP: 8/11
  5734 | D:6      | Found an iron altar of Okawaru.
  5987 | D:6      | Reached ** piety under Okawaru
  6275 | D:6      | Reached skill level 6 in Axes
  6586 | D:7      | Found a deep blue altar of Sif Muna.
  6610 | D:7      | Found Wodoitu's Armour Emporium.
  6712 | D:7      | Reached skill level 5 in Armour
  6777 | D:7      | Reached skill level 5 in Dodging
  7017 | D:7      | Reached skill level 5 in Fighting
  7049 | D:7      | Reached *** piety under Okawaru
  7181 | D:7      | Reached skill level 7 in Axes
  7398 | D:8      | Reached XP level 10. HP: 88/88 MP: 13/13
  7514 | D:8      | Found Beduiwu's Book Boutique.
  7761 | D:8      | Reached skill level 8 in Axes
  8333 | D:9      | Reached **** piety under Okawaru
  9224 | D:9      | Identified the Compendium of the Sea
  9317 | D:9      | Reached skill level 5 in Shields
  9507 | D:10     | Entered Level 10 of the Dungeon
  9930 | D:10     | Noticed a hill giant
  9940 | D:10     | Killed a hill giant
  9940 | D:10     | Reached ***** piety under Okawaru
  9940 | D:10     | Reached skill level 9 in Axes
 10068 | D:10     | Found a staircase to the Lair.
 10139 | D:10     | Received a gift from Okawaru
 10674 | D:10     | HP: 4/91 [yak (11)]
 10677 | D:10     | Reached XP level 11. HP: 12/97 MP: 11/14
 11225 | D:10     | Received a gift from Okawaru
 11335 | D:11     | Noticed Sonja
 11350 | D:11     | Killed Sonja
 11350 | D:11     | Reached skill level 10 in Axes
 11939 | D:11     | Found a staircase to the Orcish Mines.
 11950 | D:11     | Received a gift from Okawaru
 12218 | D:11     | Noticed a hill giant
 12252 | D:11     | Killed a hill giant
 12895 | D:11     | Reached skill level 11 in Axes
 12900 | D:11     | Noticed a sixfirhy
 13493 | D:11     | Noticed a green ugly thing
 13502 | D:11     | Killed a green ugly thing
 14023 | D:11     | Noticed Erolcha
 14040 | D:11     | Killed Erolcha
 14040 | D:11     | Received a gift from Okawaru
 14040 | D:11     | Reached XP level 12. HP: 25/109 MP: 15/15
 14586 | D:12     | Noticed Fannar
 14588 | D:12     | Noticed a tengu warrior
 14602 | D:12     | Killed Fannar
 14606 | D:12     | Reached skill level 12 in Axes
 14620 | D:12     | Killed a tengu warrior
 14763 | D:12     | Found a shimmering altar of Xom.
 14775 | D:12     | Noticed an eight-headed hydra
 14785 | D:12     | HP: 1/110 [eight-headed hydra (5)]
 14789 | D:12     | Killed an eight-headed hydra
 14789 | D:12     | Reached ****** piety under Okawaru
 15307 | D:12     | Noticed a centaur warrior
 15316 | D:12     | Killed a centaur warrior
 15412 | D:12     | Received a gift from Okawaru
 15880 | D:12     | Reached skill level 13 in Axes
 15972 | D:12     | Gained mutation: You can use your snake-like lower body to constrict enemies. [Naga growth]
 15972 | D:12     | Reached XP level 13. HP: 17/118 MP: 3/16
 16373 | D:12     | Found a burning altar of Makhleb.
 16373 | D:12     | Noticed a balrug
 17147 | D:13     | Noticed a sphinx
 17621 | D:13     | Reached skill level 14 in Axes
 17629 | D:13     | Killed a sphinx
 17970 | Orc:1    | Entered Level 1 of the Orcish Mines
 18011 | Orc:1    | Received a gift from Okawaru
 18151 | Orc:2    | Entered Level 2 of the Orcish Mines
 18151 | Orc:2    | Found Juypuc's Distillery.
 18160 | Orc:2    | Received a gift from Okawaru
 18178 | Orc:2    | HP: 6/121 [sun demon[an orc knight] (5)]
 18382 | Orc:2    | Found Jaqur's Distillery.
 18632 | Orc:2    | Found Gatit's Antique Weapon Boutique.
 18639 | Orc:2    | Reached skill level 15 in Axes
 18684 | Orc:2    | Slain by a hill giant

Vault maps used:
D:1:      dpeg_arrival_ratfight
D:2:      nicolae_overflow_hidden_temple, nemelex_altar_shiori,
          grunt_ministairs_3, nicolae_dithmenos_shadow_blocks
D:3:      led_xom_imps
D:4:      serial_shops, nicolae_shop_waterfront
D:5:      kennysheep_six_static_rooms, old_standard_altar, first_bread
D:6:      okawaru_gym_becter, uniq_pikel
D:7:      basic_altar, serial_shops, kennysheep_mini_moat
D:8:      serial_shops, shop
D:10:     lair_0_dummy, grunt_pizzeria
D:11:     orc_0_dummy, minmay_item_behind_shaft, grunt_decor_arrowhead,
          uniq_sonja, uniq_erolcha
D:12:     basic_altar, lab_entry_generic, makhleb_altar_promises_db, uniq_fannar
D:13:     kennysheep_island_fort
Temple:   dpeg_five_rooms_temple
Orc:1:    nicolae_orc_accident_3, enter_bailey_2, basic_altar
Orc:2:    st_orc_open, serial_shops, nicolae_shop_behind_doors, shop,
          nicolae_shop_behind_doors, nicolae_shop_statue_plus, shop,
          enter_volcano_4

Skill      XL: |  1  2  3  4  5  6  7  8  9 10 11 12 13 |
---------------+----------------------------------------+-----
Dodging        | 1 2 3 4 5 6 |  6.0
Shields        | 3 4 5 6 7 8 |  8.0
Axes           | 3 4 5 7 9 11 13 15 | 15.1
Armour         | 3 4 5 6 7 8 |  8.4
Fighting       | 4 5 6 7 8 9 |  9.4
Evocations     | 1 3 4 |  4.1

Action                   |  1- 3 |  4- 6 |  7- 9 | 10-12 | 13-15 || total
-------------------------+-------+-------+-------+-------+-------++-------
Melee: War axe           |   107 |   187 |   455 |   758 |       ||  1507
       Broad axe         |       |       |       |   150 |   284 ||   434
       Flail             |       |       |       |     5 |       ||     5
       Constrict         |       |       |       |       |    59 ||    59
Invok: Heroism           |       |       |     6 |    25 |    15 ||    46
 Abil: Spit Poison       |     3 |     6 |    11 |    14 |       ||    34
Evoke: Wand              |       |       |       |     5 |       ||     5
  Use: Potion            |       |     4 |       |    21 |     1 ||    26
       Scroll            |       |       |     6 |    17 |     1 ||    24
  Eat: Chunk             |     1 |     5 |    12 |    20 |     5 ||    43
       Pizza             |       |       |       |     2 |       ||     2
       Fruit             |       |       |       |     1 |       ||     1
       Beef jerky        |       |       |       |     1 |       ||     1
       Meat ration       |       |       |       |       |     1 ||     1
Armor: Scale mail        |    61 |    85 |   205 |   388 |   125 ||   864
Dodge: Dodged            |    33 |    56 |   146 |   396 |    78 ||   709
Block: Shield            |    59 |    88 |   224 |   557 |   148 ||  1076
